 Dungeon Crawl Stone Soup version 0.28-a0-691-gad6df49e81 (webtiles) character file.

Game seed: 6338802177721230490

19 Irenicus the Digger (level 2, -3/22 HPs)
             Began as a Deep Dwarf Earth Elementalist on Oct 21, 2021.
             Slain by a scorpion (6 damage)
             ... on level 4 of the Dungeon.
             The game lasted 00:02:28 (327 turns).

Irenicus the Digger (Deep Dwarf Earth Elementalist)  Turns: 327, Time: 00:02:28

Health: -3/22      AC:  3    Str: 11    XL:     2   Next: 55%
Magic:  3/4        EV: 11    Int: 15    God:
Gold:   23         SH:  0    Dex: 13    Spells: 3/4 levels left

rFire   . . .      SeeInvis .   d - +0 club
rCold   . . .      Faith    .   (no shield)
rNeg    . . .      Spirit   .   g - +0 leather armour
rPois   .          Reflect  .   (no helmet)
rElec   .          Harm     .   (no cloak)
rCorr   .          Rampage  .   (no gloves)
Will    .....                   (no boots)
Stlth   ++........              (no amulet)
HPRegen 0.00/turn               (no ring)
MPRegen 0.09/turn               (no ring)

@: very slightly contaminated
A: damage resistance, heal wounds, sense surroundings 1, no regeneration
a: Heal Wounds


You were on level 4 of the Dungeon.
You visited 1 branch of the dungeon, and saw 4 of its levels.

You collected 23 gold pieces.


Innate Abilities, Weirdness & Mutations

You are resistant to damage.
You can heal yourself by infusing magical energy.
You passively map a small area around you.
You do not regenerate.


   Skills:
 - Level 2.1 Dodging
 - Level 2.4 Stealth
 - Level 1.7 Spellcasting
 - Level 0.8 Transmutations
 + Level 5.3 Earth Magic


You had 3 spell levels left.
You knew the following spells:

 Your Spells              Type           Power      Damage    Failure   Level
z - Sandblast             Erth           34%        2d9       3%          1

Your spell library contained the following spells:

 Spells                   Type           Power      Damage    Failure   Level
 Passwall                 Tmut/Erth      8%         N/A       13%         2
 Stone Arrow              Conj/Erth      18%        3d8       30%         3
 Petrify                  Tmut/Erth      10%        N/A       63%         4

Inventory:

Hand Weapons
 d - a +0 club (weapon)
Missiles
 c - 31 stones
Armour
 g - a +0 leather armour (worn)

Dungeon Overview and Level Annotations

Branches:
Dungeon (4/15)
 Temple: D:4-7

Altars:

Annotations:
D:4 Eustachio

, * ,, , ......# #.....#
, #.....#, , * ,#.....#
,* ,, +.....#,, ,
#.....# ,, , #.....+ , *
, ######....@## ,
#######.........s.#####
................w.#...#
..................#...#
..................#...#
..................#...#
..................#...#
.................@###'##
.......#+#####.........#


You could see Eustachio, a worm and a scorpion.


Message History

Confirm with . or Enter, or press ? or * to list all spells.
Aiming: Sandblast (safe; 3% risk of failure)
Press: ? - help, Shift-Dir - straight line, f/p - scorpion
Aim: a scorpion (moderately wounded, wandering, hasn't noticed you, 79% to hit)
The blast of sand hits the scorpion but does no damage.
The scorpion is moderately wounded.
It was a potion of flight.
You feel very buoyant.
You fly up into the air.
Found a kite shield.
You reach down and open the door.
Eustachio the Magnificent comes into view.
He is wielding a +1 falchion of holy wrath.
There is an open door here.
The helpless Eustachio fails to defend himself.
You hit Eustachio but do no damage.
You flicker for a moment.
There is an open door here.
You reach down and close the door.
Eustachio opens the door.
You are starting to lose your buoyancy.
You flicker back into view.
Eustachio gestures wildly while chanting.
Eustachio blinks!
The worm barely misses you. The scorpion barely misses you.
The scorpion stings you!
* * * LOW HITPOINT WARNING * * *
You aren't carrying any potions.
Use which ability? (? or * to list)
You fail to use your ability.
You float gracefully downwards.
The scorpion stings you!
You die...

Skill      XL: |  1  2 |
---------------+-------+-----
Earth Magic    | 5 |  5.3
Dodging        | |  2.1
Stealth        | |  2.4
Spellcasting   | |  1.7
Transmutations | |  0.8

Action                   || total
-------------------------++-------
Melee: Unarmed           ||    14
       Club              ||     7
 Cast: Sandblast         ||    21
 Abil: Heal Wounds       ||     1
  Use: Scroll            ||     2
       Potion            ||     2
 Stab: Distracted        ||     1
       Sleeping          ||     1
Armor: Robe              ||    10
       Leather armour    ||     1
Dodge: Dodged            ||    40

Levels and vault maps discovered:
D:1:      nzn_arrival_settlement, layout_loops_ring,
          dreamdust_ecumenical_altar_angels_and_demons
D:2:      layout_loops_corners, nrook_mini_vaults
D:3:      layout_loops_cross, jmf_multi_god_temple, gammafunk_ghost_necromancy,
          minmay_liquid_box, moated_statue
D:4:      layout_gridville, uniq_blork_the_orc, uniq_eustachio

Notes
Turn   | Place    | Note
-------+----------+-------------------------------------------
     0 | D:1      | Irenicus the Deep Dwarf Earth Elementalist began the quest
                  | for the Orb.
     0 | D:1      | Reached XP level 1. HP: 15/15 MP: 3/3
    91 | D:1      | Reached XP level 2. HP: 22/22 MP: 0/4
   105 | D:1      | Reached skill level 5 in Earth Magic
   132 | D:1      | Found a faded altar of an unknown god.
   270 | D:4      | Noticed a scorpion
   310 | D:4      | Noticed Eustachio
   327 | D:4      | Slain by a scorpion

Vanquished Creatures
  2 ball pythons (D:1)
  An endoplasm (D:1)
  8 jackals
  2 quokkas (D:1)
  A goblin (D:1)
  A kobold (D:1)
  A rat (D:1)
16 creatures vanquished.

Table legend: (Time is in decaauts)
 A = Elapsed time spent in this place.
 B = Non-inter-level travel time spent in this place.
 C = Inter-level travel time spent in this place.
 D = Time resting spent in this place.
 E = Time spent auto-exploring this place.
 F = Levels seen in this place.
 G = Mean time per level.
                   A        B        C        D        E       F      G
               +--------+--------+--------+--------+--------+-----+--------+
         Total |    327 |    327 |      0 |      0 |      0 |   4 |   81.8 |
       Dungeon |    327 |    327 |      0 |      0 |      0 |   4 |   81.8 |
               +--------+--------+--------+--------+--------+-----+--------+

Top non-repeatable levels by time:
     D:1: 148 daAuts
     D:4: 142 daAuts
     D:2: 26 daAuts
     D:3: 10 daAuts

Table legend:
 A = Non-vault XP
 B = Vault XP
 C = Vault XP percentage of total XP
 D = Non-vault monster count
 E = Vault monster count
 F = Vault count percentage of total count
                 A         B        C        D         E       F
            +---------+---------+-------+---------+---------+-------
      Total |      28 |       0 |   0.0 |      16 |       0 |   0.0
            +---------+---------+-------+---------+---------+-------
        D:1 |      20 |       0 |   0.0 |      12 |       0 |   0.0
        D:2 |       8 |       0 |   0.0 |       4 |       0 |   0.0
            +---------+---------+-------+---------+---------+-------
